 Dungeon Crawl Stone Soup version 0.30-a0-219-gf2db51d15e (webtiles) character file.

Game seed: 8224021409822792408

18 2tousent the Ruffian (level 2, -2/21 HPs)
             Began as a Draconian Warper on Oct 6, 2022.
             Was a Follower of Hepliaklqana.
             Slain by an adder (4 damage)
             ... on level 2 of the Dungeon.
             The game lasted 00:01:13 (712 turns).

2tousent the Ruffian (Draconian Warper)              Turns: 712, Time: 00:01:14

Health: -2/21      AC:  4    Str: 13    XL:     2   Next: 48%
Magic:  5/5        EV: 12    Int: 13    God:    Hepliaklqana [*.....]
Gold:   40         SH:  0    Dex: 10    Spells: 3/5 levels left

rFire   . . .      SeeInvis .      - Unarmed
rCold   . . .      Faith    .    (no shield)
rNeg    . . .      Spirit   .    (body armour unavailable)
rPois   .          Reflect  .    (helmet restricted)
rElec   .          Harm     .    (no cloak)
rCorr   .          Rampage  .    (no gloves)
Will    .....                    (no boots)
Stlth   +.........               (no amulet)
HPRegen 0.23/turn                (no ring)
MPRegen 0.09/turn                (no ring)

@: hasted, very quick
A: reduced essence, AC +4, unfitting armour, cold-blooded
a: Renounce Religion, Recall Ancestor, Ancestor Identity


You were on level 2 of the Dungeon.
You worshipped Hepliaklqana.
Hepliaklqana was aware of your devotion.
You visited 1 branch of the dungeon, and saw 2 of its levels.

You collected 40 gold pieces.

Inventory:

Missiles
 b - 7 boomerangs of dispersal (quivered)
Scrolls
 a - a scroll of blinking
 d - a scroll of butterflies {unknown}
 e - 3 scrolls of identify {unknown}
 f - 3 scrolls of teleportation {unknown}


   Skills:
 - Level 2.1 Fighting
 - Level 0.8 Throwing
 - Level 2.1 Dodging
 * Level 3.1 Unarmed Combat
 - Level 2.0 Spellcasting
 - Level 3.0 Translocations


You had 3 spell levels left.
You knew the following spells:

 Your Spells              Type           Power      Damage    Failure   Level
a - Blink                 Tloc           18%        N/A       11%         2

Your spell library contained the following spells:

 Spells                   Type           Power      Damage    Failure   Level
 Lesser Beckoning         Tloc           18%        N/A       22%         3
 Teleport Other           Tloc           9%         N/A       22%         3
 Vhi's Electric Charge    Tloc/Air       10%        N/A       38%         3
 Manifold Assault         Tloc           9%         N/A       58%         4


Dungeon Overview and Level Annotations

Branches:
Dungeon (2/15)

Altars:
Hepliaklqana


Innate Abilities, Weirdness & Mutations

Your life essence is reduced to manifest your ancestor. (-10% HP)
Your plain brown scales are hard. (AC +4)
You cannot fit into any form of body armour.
You are cold-blooded and may be slowed by cold attacks.


Message History

Cihuaton barely misses the adder.
The adder bites you.
You are too injured to fight recklessly!
You miss the adder.
The adder is almost dead.
You feel sick.
Cihuaton closely misses the adder.
The adder barely misses you.
You feel sick.
The adder bites Cihuaton.
Cihuaton hits the adder.
You feel sick.
The adder bites Cihuaton.
Cihuaton completely misses the adder.
The adder closely misses Cihuaton.
You feel sick.
Cihuaton misses the adder.
The adder barely misses Cihuaton.
You feel sick.
The adder bites Cihuaton.
Cihuaton is destroyed!
You feel sick.
You miss the adder.
The adder is almost dead.
You feel sick.
You are no longer poisoned.
The adder barely misses you.
You barely miss the adder.
The adder is almost dead.
The adder bites you.
* * * LOW HITPOINT WARNING * * *
You barely miss the adder.
The adder is almost dead.
The adder bites you but does no damage.
You barely miss the adder.
The adder is almost dead.
The adder closely misses you.
You hit the adder but do no damage.
The adder is almost dead.
The adder bites you but does no damage. The adder misses you.
You aren't carrying any items that you can evoke.
Okay, then.
It was a potion of haste.
You feel yourself speed up. The adder misses you.
You closely miss the adder.
The adder is almost dead.
The adder closely misses you.
You barely miss the adder.
The adder is almost dead.
The adder bites you.
You die...

# #<#..# # #. #.#..#
######># #.##.#..#
#......#.#
#.......###..<....##
.........†.........#
#.#..##.###.....###.#
#..#...##.....#
#.†.)S.########
#....@.†.#
.........##.#
##.#..#### ... # #..
### ##. #. #.


You could see an adder.

Vanquished Creatures
  A dart slug (D:1)
  4 ball pythons
  2 quokkas (D:1)
  A goblin (D:1)
  2 kobolds
  A rat (D:2)
11 creatures vanquished.

Vanquished Creatures (collateral kills)
  A giant cockroach (D:2)
  A kobold (D:1)
  A bat (D:1)
  A rat (D:2)
4 creatures vanquished.

Vanquished Creatures (others)
  An ancestor (D:2)
1 creature vanquished.

Grand Total: 16 creatures vanquished

Notes
Turn   | Place    | Note
-------+----------+-------------------------------------------
     0 | D:1      | 2tousent the Draconian Warper began the quest for the Orb.
     0 | D:1      | Reached XP level 1. HP: 17/17 MP: 3/3
    43 | D:1      | Found a faded altar of an unknown god.
   220 | D:1      | Prayed at the altar of an unknown god.
   220 | D:1      | Became a worshipper of Hepliaklqana the Forgotten
   220 | D:1      | Reached * piety under Hepliaklqana
   395 | D:1      | Reached XP level 2. HP: 20/21 MP: 5/5
   686 | D:2      | Learned a level 2 spell: Blink
   706 | D:2      | HP: 1/21 [adder (2)]
   712 | D:2      | Slain by an adder

Illustrated notes

Levels and vault maps discovered:
D:1:      saegor_arrival_under_anarchy, layout_loops_ring,
          shapermc_ecumenical_altar_acropolis,
          hangedman_abyss_or_decor_lesser_grid, minmay_misc_feat_four_crosses
D:2:      layout_loops_cross

Skill      XL: |  1  2 |
---------------+-------+-----
Unarmed Combat | 3 |  3.1
Fighting       | |  2.1
Throwing       | |  0.8
Dodging        | |  2.1
Spellcasting   | |  2.0
Translocations | |  3.0

Action                   || total
-------------------------++-------
Melee: Unarmed           ||    55
       Tailslap          ||     6
  Use: Potion            ||     1
Armor: Skin              ||    12
Dodge: Dodged            ||    36

Table legend: (Time is in decaauts)
 A = Elapsed time spent in this place.
 B = Non-inter-level travel time spent in this place.
 C = Inter-level travel time spent in this place.
 D = Time resting spent in this place.
 E = Time spent auto-exploring this place.
 F = Levels seen in this place.
 G = Mean time per level.
                   A        B        C        D        E       F      G
               +--------+--------+--------+--------+--------+-----+--------+
         Total |    709 |    631 |     78 |      0 |    516 |   2 |  354.5 |
       Dungeon |    709 |    631 |     78 |      0 |    516 |   2 |  354.5 |
               +--------+--------+--------+--------+--------+-----+--------+

Top non-repeatable levels by time:
     D:1: 663 daAuts
     D:2: 46 daAuts
